 Dungeon Crawl Stone Soup version 0.31-a0-983-g7b6862f502 (webtiles) character file.

Game seed: 17081943491269960356

308 Fodor the Covered (level 6, -4/38 HPs)
             Began as a Gargoyle Fighter on Nov 2, 2023.
             Slain by an orc priest
             ... wielding a +0 hand axe
              (5 damage)
             ... on level 3 of the Dungeon.
             The game lasted 00:10:24 (1805 turns).

Fodor the Covered (Gargoyle Fighter)                Turns: 1805, Time: 00:10:25

Health: -4/38      AC: 14    Str: 21    XL:     6   Next: 40%
Magic:  6/6        EV:  8    Int: 15    God:
Gold:   142        SH:  4    Dex:  9    Spells: 5/5 levels left

rFire   . . .        a - +0 flail
rCold   . . .        c - +0 buckler
rNeg    + . .        h - +0 chain mail
rPois   ∞            (no helmet)
rElec   +            (no cloak)
rCorr   +            (no gloves)
SInv    .            (no boots)
Will    .....        (no amulet) Stlth
                     f - ring of resist corrosion
HPRegen 0.26/turn    g - +6 ring of intelligence
MPRegen 0.10/turn

%: no passive effects
@: no status effects
A: sickness immunity, AC +4, negative energy resistance 1, electricity
resistance, torment resistance 1, petrification resistance
a: no special abilities


You were on level 3 of the Dungeon.
You visited 1 branch of the dungeon, and saw 3 of its levels.

You collected 142 gold pieces.

Inventory:

Hand Weapons
 a - a +0 flail (weapon)
 m - a +0 scythe
Missiles
 b - 2 atropa-tipped darts (quivered)
Armour
 c - a +0 buckler (worn)
 h - a +0 chain mail (worn)
Jewellery
 f - a ring of resist corrosion (left hand)
 g - a +6 ring of intelligence (right hand)
Talismans
 k - a blade talisman
Scrolls
 i - a scroll of enchant armour {unknown}
 j - a scroll of revelation {unknown}
 o - a scroll of identify {unknown}
 p - a scroll of fog {unknown}
 q - a scroll of butterflies {unknown}
Potions
 d - a potion of might
 e - a potion of cancellation {unknown}
 l - a potion of heal wounds {unknown}
 n - a potion of lignification {unknown}


   Skills:
 + Level 4.2 Fighting
 + Level 4.2 Maces & Flails
 + Level 4.7 Armour
 + Level 1.0 Dodging
 + Level 4.2 Shields


You had 5 spell levels left.
You didn't know any spells.
Your spell library contained the following spells:

 Spells                   Type           Power      Damage    Failure   Level
 Necrotise                Necr           0%         1d4       91%         1
 Blink                    Tloc           0%         N/A       97%         2
 Lesser Beckoning         Tloc           0%         N/A       97%         2
 Momentum Strike          Conj/Tloc      0%         3d8       97%         2
 Agony                    Necr           0%         N/A       100%        5
 Borgnjor's Revivificati  Necr           0%         N/A       100%        8


Dungeon Overview and Level Annotations

Branches:
Dungeon (3/15)

Altars:


Innate Abilities, Weirdness & Mutations

You are immune to sickness and miasma.
Your stone body is resilient. (AC +4)
You are immune to poison.
You resist negative energy. (rN+)
You are resistant to electric shocks. (rElec)
You are resistant to unholy torment.
You are immune to petrification.


Message History

The orc barely misses you. The orc wizard casts a spell at you.
The puff of flame hits you but does no damage.
The orc priest calls down the wrath of Beogh upon you.
Beogh smites you!
The orc wizard hits you but does no damage.
The orc hits you but does no damage.
You miss the orc wizard.
The orc wizard is severely wounded.
You feel less confused.
The orc wizard gestures at you while chanting.
The magic dart hits you. The orc closely misses you.
You sock the orc wizard!
You kill the orc wizard!
The orc barely misses you. You block the orc's attack.
Items here: )) [ ††.
You barely miss the orc. The orc hits you but does no damage.
You hit the orc.
The orc is lightly wounded.
You block the orc's attack.
You sock the orc!
You kill the orc!
The orc priest calls down the wrath of Beogh upon you.
Beogh smites you!
You hit the orc priest.
The orc priest is heavily wounded.
The orc priest barely misses you.
You barely miss the orc priest.
The orc priest is heavily wounded.
The orc priest completely misses you.
You barely miss the orc priest.
The orc priest is heavily wounded.
The orc priest calls down the wrath of Beogh upon you.
Beogh smites you!
* * * LOW HITPOINT WARNING * * *
You sock the orc priest!
The orc priest is almost dead.
The orc priest hits you with a +0 hand axe.
You die...

#.# #.# #.# ###
#.# #.. #o# #.#
#.# #.#
#.######.##
#.oo@...>.# #
########..# . #..#
.# ##..##.##
#...#...#
#.......#
############.#...#
#............##.##
#.#############.#


You could see an orc priest and an orc.

Vanquished Creatures
  Sigmund (D:2)
  An orc wizard (D:3)
  Robin (D:2)
  4 adders (D:2)
  3 orcs (D:3)
  4 ball pythons (D:2)
  4 endoplasms (D:1)
  5 giant cockroaches
  12 goblins
  5 hobgoblins
  9 jackals
  5 kobolds
  3 quokkas
  A bat (D:2)
  4 frilled lizards
  9 rats
71 creatures vanquished.

Notes
Turn   | Place    | Note
-------+----------+-------------------------------------------
     0 | D:1      | Fodor the Gargoyle Fighter began the quest for the Orb.
     0 | D:1      | Reached XP level 1. HP: 14/14 MP: 1/1
   142 | D:1      | Reached XP level 2. HP: 3/19 MP: 2/2
   210 | D:1      | Got the Parchment of Sciomancy
   363 | D:1      | Reached XP level 3. HP: 11/24 MP: 3/3
  1143 | D:2      | Noticed Sigmund
  1158 | D:2      | Killed Sigmund
  1159 | D:2      | Reached XP level 4. HP: 16/29 MP: 4/4
  1159 | D:2      | Reached XP level 5. HP: 18/33 MP: 5/5
  1162 | D:2      | Reached XP level 6. HP: 22/38 MP: 6/6
  1461 | D:2      | Noticed Robin
  1500 | D:2      | Killed Robin
  1535 | D:2      | Reached skill level 1 in Dodging
  1804 | D:3      | HP: 1/38 [orc priest/divine providence (15)]
  1805 | D:3      | Slain by an orc priest

Illustrated notes

Levels and vault maps discovered:
D:1:      eino_arrival_druids_welcome, layout_basic, kennysheep_pointless_box,
          nicolae_concentric_dashed_squares_mild
D:2:      layout_loops_ring, kennysheep_generic_room_16, uniq_robin,
          uniq_sigmund
D:3:      layout_loops_ring

Skill      XL: |  1  2  3  4  5  6 |
---------------+-------------------+-----
Fighting       | 4 |  4.2
Maces & Flails | 3 4 |  4.2
Armour         | 4 |  4.7
Shields        | 4 |  4.2
Dodging        | 1 |  1.0

Action                     |  1- 3 |  4- 6 || total
---------------------------+-------+-------++-------
  Melee: Flail             |   160 |   132 ||   292
 Armour: Scale mail        |    82 |       ||    82
         Chain mail        |    82 |   148 ||   230
  Dodge: Dodged            |    83 |    87 ||   170
  Block: Buckler           |    46 |    51 ||    97

Table legend: (Time is in decaauts)
 A = Elapsed time spent in this place.
 B = Non-inter-level travel time spent in this place.
 C = Inter-level travel time spent in this place.
 D = Time resting spent in this place.
 E = Time spent auto-exploring this place.
 F = Levels seen in this place.
 G = Mean time per level.
                   A        B        C        D        E       F      G
               +--------+--------+--------+--------+--------+-----+--------+
         Total |   1882 |   1842 |     40 |    205 |      0 |   3 |  627.3 |
       Dungeon |   1882 |   1842 |     40 |    205 |      0 |   3 |  627.3 |
               +--------+--------+--------+--------+--------+-----+--------+

Top non-repeatable levels by time:
     D:2: 879 daAuts
     D:1: 849 daAuts
     D:3: 153 daAuts
